 Dungeon Crawl Stone Soup version 0.21-a0-472-g223bcb9 (webtiles) character file.

589 slep the Skirmisher (level 7, -3/82 HPs)
             Began as a Demonspawn Monk on Nov 21, 2017.
             Was a Believer of Okawaru.
             Slain by Prince Ribbit (7 damage)
             ... on level 5 of the Dungeon.
             The game lasted 00:13:41 (3201 turns).

slep the Skirmisher (Demonspawn Monk)               Turns: 3201, Time: 00:13:43

Health: -3/82      AC: 23    Str: 12    XL:     7   Next: 15%
Magic:  0/7        EV:  2    Int: 11    God:    Okawaru [**....]
Gold:   395        SH:  0    Dex: 17    Spells: 6/6 levels left

rFire    . . .     SeeInvis .   e - +1 scythe (venom)
rCold    . . .     Gourm    .   (shield currently unavailable)
rNeg     + + +     Faith    .   (armour currently unavailable)
rPois    +         Spirit   +   (helmet currently unavailable)
rElec    .         Reflect  .   (cloak currently unavailable)
rCorr    .         Harm     .   (gloves currently unavailable)
MR       .....     NoTele   +   (boots currently unavailable)
Stlth    ++........             (no amulet)
HPRegen  0.23/turn              (no ring)
MPRegen  0.10/turn              (no ring)

@: tree-form
A: powered by pain 1, magic shield
a: Heroism, Renounce Religion


You were on level 5 of the Dungeon.
You worshipped Okawaru.
Okawaru was pleased with you.
You were not hungry.
You were a tree.
You visited 2 branches of the dungeon, and saw 6 of its levels.

You collected 395 gold pieces.

Inventory:

Hand Weapons
 a - a +0 falchion
 e - a +1 scythe of venom (weapon)
 h - a +0 short sword of draining
 E - a +2 antimagic spear
Missiles
 t - 5 poisoned needles
 w - 7 javelins of penetration (quivered)
 F - 8 tomahawks
Armour
 b - a +0 robe
 i - a +0 pair of gloves (melded)
 k - a +0 chain mail (melded)
 r - a +0 helmet (melded)
 s - a +0 pair of boots (melded)
 x - a +0 cloak (melded)
Wands
 B - a wand of iceblast (1)
 G - a wand of flame (44)
Scrolls
 d - a scroll of enchant armour {unknown}
 f - 2 scrolls of amnesia {unknown}
 g - 11 scrolls of identify {unknown}
 n - 4 scrolls of enchant weapon {unknown}
 o - 4 scrolls of remove curse {unknown}
 y - a scroll of noise {unknown}
 C - a scroll of immolation {unknown}
 D - 2 scrolls of blinking {unknown}
Potions
 l - a potion of cancellation {unknown}
 m - a potion of curing {unknown}
 p - a potion of magic {unknown}
 v - a potion of haste {unknown}
 z - a potion of lignification
 A - a potion of brilliance {unknown}
Comestibles
 c - 3 bread rations
 j - a meat ration
 q - 2 fruits
 u - 3 royal jellies
 H - 3 chunks of flesh


   Skills:
 + Level 4.7 Fighting
 + Level 1.3(2.5) Short Blades
 + Level 3.4(3.6) Long Blades
 + Level 3.0 Polearms
 + Level 0.4 Throwing
 + Level 1.8 Armour
 + Level 4.0 Dodging
 + Level 2.8 Stealth


You had 6 spell levels left.
You didn't know any spells.

Dungeon Overview and Level Annotations

Branches:
Dungeon (5/15)             Temple (1/1) D:4

Altars:
Ashenzari
Dithmenos
Elyvilon
Fedhas
Gozag
Hepliaklqana
Kikubaaqudgha
Makhleb
Okawaru
Qazlal
Ru
Sif Muna
Trog
Uskayaw
Vehumet
Yredelemnul

Shops:
D:4 [

Annotations:
D:5 Prince Ribbit


Innate Abilities, Weirdness & Mutations

((You are mostly covered in slimy green scales. (AC +3)))
You sometimes gain a little power by taking damage.
When hurt, damage is shared between your health and your magic reserves.


Message History

* * * LOW HITPOINT WARNING * * *
Prince Ribbit croaks regally.
Prince Ribbit hits you but does no damage.
Prince Ribbit hits you but does no damage.
There is an open door here.
Prince Ribbit hits you.
* * * LOW HITPOINT WARNING * * *
Unknown command.
You closely miss Prince Ribbit.
Prince Ribbit is heavily wounded.
Prince Ribbit hits you but does no damage.
Prince Ribbit hits you!
* * * LOW HITPOINT WARNING * * *
You turn into a tree.
Your +0 cloak melds into your body.
Your +0 helmet melds into your body.
Your +0 pair of gloves melds into your body.
Your +0 pair of boots melds into your body.
Your +0 chain mail melds into your body.
Your roots penetrate the ground.
Prince Ribbit hits you!
You die...

#.####.##.#.#
#...........#
######.##.### ##'##
.. # ##...## #####
#. ##.....## #.. ..
#.......###.# .#.#
#.).......##.#...<#>
+........♣F.........
#.........##.#....#.
##.......###.# ..##
##.....## #.# .#
##...## #.. .. ##+#
### ##


You could see Prince Ribbit.

Vanquished Creatures
  Sigmund (D:2)
  An ogre (D:5)
  2 howler monkeys (D:4)
  A bullfrog zombie (D:5)
  Crazy Yiuf (D:3)
  A hound (D:4)
  A jelly (D:4)
  Terence (D:2)
  A worker ant (D:4)
  Robin (D:3)
  6 adders
  An adder skeleton (D:4)
  A worm (D:3)
  A leopard gecko (D:2)
  An orc (D:3)
  14 goblins
  6 hobgoblins
  2 jackals (D:4)
  3 quokkas
  4 bats
  3 frilled lizards
  3 kobolds (D:1)
  A leopard gecko skeleton (D:4)
  A rat (D:1)
58 creatures vanquished.

Notes
Turn   | Place    | Note
-------+----------+-------------------------------------------
     0 | D:1      | slep the Demonspawn Monk began the quest for the Orb.
     0 | D:1      | Reached XP level 1. HP: 18/18 MP: 1/1
   264 | D:1      | You fall through a shaft!
   315 | D:2      | Gained mutation: You sometimes gain a little power by taking damage. [demonic ancestry]
   315 | D:2      | Reached XP level 2. HP: 15/24 MP: 2/2
   422 | D:2      | Found a deep blue altar of Sif Muna.
   492 | D:2      | Found a basalt altar of Yredelemnul.
   602 | D:2      | Noticed Terence
   614 | D:2      | Killed Terence
   614 | D:2      | Gained mutation: You are partially covered in slimy green scales. (AC +2) [demonic ancestry]
   614 | D:2      | Reached XP level 3. HP: 29/29 MP: 3/3
   708 | D:2      | Found a shattered altar of Ashenzari.
   812 | D:2      | Noticed Sigmund
   823 | D:2      | Killed Sigmund
   823 | D:2      | Reached skill level 1 in Short Blades
   823 | D:2      | Reached XP level 4. HP: 21/37 MP: 4/4
   823 | D:2      | Gained mutation: When hurt, damage is shared between your health and your magic reserves. [demonic ancestry]
   823 | D:2      | Reached XP level 5. HP: 24/42 MP: 5/5
  1678 | D:3      | Noticed Robin
  1683 | D:3      | Killed Robin
  1913 | D:3      | Reached skill level 1 in Armour
  2040 | D:3      | Found an ancient bone altar of Kikubaaqudgha.
  2081 | D:3      | Found a runed door.
  2141 | D:3      | Noticed Crazy Yiuf
  2146 | D:3      | Killed Crazy Yiuf
  2146 | D:3      | Reached skill level 1 in Polearms
  2146 | D:3      | Reached XP level 6. HP: 30/48 MP: 2/6
  2635 | D:4      | Found Neggaac's Armour Shoppe.
  2955 | D:4      | Found a staircase to the Ecumenical Temple.
  2964 | Temple   | Entered the Ecumenical Temple
  2985 | Temple   | Became a worshipper of Warmaster Okawaru
  2985 | Temple   | Reached * piety under Okawaru
  2985 | Temple   | Reached ** piety under Okawaru
  3057 | D:5      | Entered Level 5 of the Dungeon
  3118 | D:5      | Found a blossoming altar of Fedhas.
  3135 | D:5      | Gained mutation: You are mostly covered in slimy green scales. (AC +3) [demonic ancestry]
  3135 | D:5      | Reached XP level 7. HP: 50/55 MP: 7/7
  3188 | D:5      | Noticed Prince Ribbit
  3201 | D:5      | Slain by Prince Ribbit

Vault maps used:
D:1:      sevenhm_arrival_forest_fort_small_3
D:2:      nicolae_overflow_crystal_walls, yredelemnul_altar_generic,
          lemuel_doored_altar, first_bread, uniq_terence, uniq_sigmund
D:3:      lemuel_crystal_altar, uniq_crazy_yiuf_cottage, uniq_robin
D:4:      temple_hall, serial_shops, nicolae_shop_behind_doors,
          grunt_decor_one_mirror
D:5:      cheibriados_altar_1, kennysheep_mini, uniq_blork_the_orc, uniq_edmund,
          uniq_prince_ribbit1
Temple:   minmay_temple_bridge_abc

Skill      XL: |  1  2  3  4  5  6 |
---------------+-------------------+-----
Dodging        | 3 4 |  4.0
Long Blades    | 3 |  3.4
Stealth        | 2 |  2.8
Fighting       | 4 |  4.7
Short Blades   | 1 |  1.3
Armour         | 1 |  1.8
Polearms       | 1 3 |  3.0
Throwing       | |  0.4

Action                   |  1- 3 |  4- 6 |  7- 9 || total
-------------------------+-------+-------+-------++-------
Melee: Falchion          |     8 |       |       ||     8
       Short sword       |    39 |       |       ||    39
       Scythe            |       |   170 |     6 ||   176
Throw: Javelin           |       |     8 |       ||     8
  Use: Potion            |     4 |       |     1 ||     5
 Stab: Sleeping          |     3 |       |       ||     3
       Invisible         |     2 |       |       ||     2
  Eat: Chunk             |       |     7 |     1 ||     8
Armor: Chain mail        |    12 |   208 |     3 ||   223
       Skin              |     3 |       |       ||     3
       Robe              |     1 |       |       ||     1
Dodge: Dodged            |    15 |    86 |     3 ||   104
       Rpst.: Falchion   |     5 |       |       ||     5

Table legend:
 A = Spawn XP
 B = Non-spawn XP
 C = Spawn XP percentage of total XP
 D = Spawn monster count
 E = Non-spawn monster count
 F = Spawn count percentage of total count
 G = Total turns spent on level
                    A         B        C        D         E        F      G
               +---------+---------+-------+---------+---------+-------+---------
         Total |       0 |     842 |   0.0 |       0 |      58 |   0.0 |  3201
               +---------+---------+-------+---------+---------+-------+---------
           D:1 |       0 |      13 |   0.0 |       0 |      10 |   0.0 |   511
           D:2 |       0 |     284 |   0.0 |       0 |      11 |   0.0 |  1138
           D:3 |       0 |     108 |   0.0 |       0 |      20 |   0.0 |   532
           D:4 |       0 |     277 |   0.0 |       0 |      14 |   0.0 |   833
           D:5 |       0 |     160 |   0.0 |       0 |       3 |   0.0 |   144
               +---------+---------+-------+---------+---------+-------+---------
